Map: Efflorescence LE

Players

qqq

  • Race: Zerg Zerg
  • League: Platinum
  • Spawn Location: 6:00

Massa

  • Race: Terran Terran
  • League: Gold
  • Spawn Location: 9:00

eVoLuTiOn - Winner!

  • Race: Protoss Protoss
  • League: Diamond
  • Spawn Location: 12:00

Erios - Winner!

  • Race: Terran Terran
  • League: Diamond
  • Spawn Location: 3:00

VOD

Have the link to the VOD?

Description

Time

  • Played on: July 26, 2020, 6:25 a.m.
  • Length: 7:28
Show
View Real Time Build Order
Export as new Build Order

qqq Zerg 

Build Orders: Hatch First 

Get SALT Encoding   

  12  0:03  Drone  
  13  0:15  Drone  
  14  0:39  Hatchery  
  13  0:46  Drone  
  14  1:00  Spawning Pool  
  13  1:06  Overlord  
  13  1:17  Drone  
  14  1:19  Overlord  
  14  1:23  Extractor  
  13  1:32  Drone  
  14  1:33  Drone  
  15  1:48  Zergling x2  
  15  1:49  Queen  
  18  2:00  Zergling x2  
  19  2:02  Zergling x2  
  20  2:11  Drone  
  20  2:12  Zergling x2  
  20  2:13  Zergling x2  
  23  2:16  Drone  
  24  2:23  Zergling x2  
  24  2:27  Metabolic Boost  
  25  2:31  Drone  
  26  2:40  Zergling x2  
  26  2:43  Drone  
  28  2:47  Zergling x2  
  29  3:02  Zergling x2  
  30  3:06  Queen  
  30  3:07  Drone x2, Zergling x2  
  35  3:12  Overlord  
  35  3:32  Zergling x4  
  37  3:34  Zergling x4  
  39  3:41  Overlord  
  39  3:42  Zergling x4  
  39  3:43  Drone  
  42  3:50  Zergling x2  
  42  3:52  Drone  
  44  3:59  Overlord  
  39  4:25  Spine Crawler  
  39  4:29  Spine Crawler  
  35  4:33  Drone x3  
  35  4:34  Drone x2, Roach Warren, Zergling x4  
  35  4:35  Zergling x2  
  38  4:42  Drone  
  31  4:53  Drone  
  31  4:56  Drone  
  33  5:10  Drone  
  33  5:11  Drone  
  33  5:12  Drone x2  
  37  5:22  Roach  
  37  5:23  Roach  
  31  5:37  Drone, Roach x3  
  31  5:38  Drone  
  37  5:56  Roach x2  
  37  5:57  Roach  
  39  6:24  Drone, Spine Crawler  
  39  6:25  Drone x4  
  36  6:26  Spine Crawler  
  36  6:32  Spine Crawler  
  33  6:34  Spine Crawler  
  33  6:36  Roach x2  
  30  6:46  Roach  
  22  7:07  Roach  
Show
View Real Time Build Order
Export as new Build Order

Massa Terran 

Build Orders:  

Get SALT Encoding   

  12  0:02  SCV  
  13  0:17  Supply Depot  
  13  0:18  SCV  
  14  0:30  SCV  
  15  0:42  SCV, Barracks  
  16  0:49  Refinery  
  16  0:55  SCV  
  17  1:08  SCV  
  18  1:28  Barracks  
  18  1:56  Marine  
  17  2:23  Supply Depot  
  17  2:33  Factory  
  17  2:37  Supply Depot  
  17  2:44  Marine  
  17  2:45  SCV  
  17  2:49  Supply Depot  
  19  2:58  Marine  
  20  3:10  Orbital Command  
  20  3:13  Barracks Tech Lab  
  20  3:15  Marine  
  20  3:19  Factory Tech Lab  
  21  3:33  Marine  
  22  3:37  Marauder  
  24  3:46  Siege Tank  
  27  3:51  Marine  
  27  3:52  SCV  
  29  3:59  Marauder  
  29  4:02  Concussive Shells  
  31  4:04  SCV  
  31  4:09  Marine  
  33  4:20  Marauder  
  35  4:35  Marine  
  36  4:42  Marauder  
  38  4:53  Marine  
  39  5:10  Engineering Bay  
  39  5:12  Supply Depot  
  39  5:16  Supply Depot  
  39  5:29  Command Center  
  39  5:30  Stimpack  
  39  5:34  Marauder  
  28  5:53  Marine  
  28  5:55  Marauder  
  23  6:11  Marine  
  23  6:17  Marauder  
  26  6:22  Siege Tank  
  29  6:26  Barracks  
  29  6:30  Marine  
  30  6:38  Marauder  
  32  6:43  Barracks  
  32  6:48  Marine  
  33  6:59  Marauder  
  31  7:06  Marine  
Show
View Real Time Build Order
Export as new Build Order

eVoLuTiOn Protoss - Winner!

Build Orders:  

Get SALT Encoding   

  12  0:06  Probe  
  13  0:18  Probe  
  14  0:23  Pylon  
  14  0:31  Probe  
  15  0:42  Forge  
  15  0:46  Probe  
  16  0:58  Probe  
  16  1:01  Pylon  
  17  1:10  Probe  
  18  1:20  Photon Cannon  
  18  1:22  Pylon  
  18  1:24  Pylon  
  18  1:34  Pylon  
  18  1:37  Pylon  
  18  1:43  Photon Cannon  
  18  1:58  Gateway  
  18  2:10  Pylon  
  18  2:29  Assimilator  
  18  2:33  Assimilator  
  18  2:34  Gateway  
  18  2:40  Probe  
  19  2:48  Probe  
  19  2:49  Cybernetics Core  
  19  2:55  Photon Cannon  
  19  2:57  Probe  
  20  3:05  Warp Gate  
  21  3:07  Pylon  
  21  3:09  Probe  
  22  3:21  Probe  
  23  3:30  Photon Cannon  
  23  3:33  Probe  
  24  3:36  Gateway  
  24  3:48  Gateway  
  24  4:00  Pylon  
  24  4:13  Twilight Council  
  24  4:22  Gateway  
  26  4:31  Charge  
  24  4:42  Pylon  
  24  5:01  Zealot x4  
  32  5:11  Dark Shrine  
  32  5:23  Zealot x2  
  32  5:28  Zealot  
  34  5:51  Zealot x3  
  38  6:24  Dark Templar x4  
  44  6:48  Pylon  
  44  7:22  Zealot  
  44  7:23  Zealot x3  
Show
View Real Time Build Order
Export as new Build Order

Erios Terran - Winner!

Build Orders: 2 Factory, Hellion Opening 

Get SALT Encoding   

  12  0:01  SCV  
  13  0:13  SCV  
  14  0:18  Supply Depot  
  14  0:25  SCV  
  15  0:40  SCV, Barracks  
  16  0:44  Refinery  
  16  0:55  SCV  
  17  1:08  SCV  
  18  1:20  SCV  
  19  1:31  Refinery  
  19  1:36  Supply Depot  
  19  1:37  Orbital Command  
  19  1:41  Marine  
  19  1:45  Factory  
  20  2:04  SCV  
  21  2:15  Factory  
  21  2:16  SCV  
  22  2:28  SCV  
  23  2:31  Factory Reactor  
  23  2:40  SCV  
  24  2:47  Supply Depot  
  24  2:48  Command Center  
  24  2:52  SCV  
  25  2:59  Factory Tech Lab  
  25  3:05  SCV  
  26  3:06  Supply Depot  
  26  3:08  Hellion  
  26  3:12  Hellion  
  30  3:19  Hellion  
  32  3:29  Hellion  
  32  3:34  Hellion  
  36  3:35  Supply Depot  
  36  3:44  SCV  
  36  3:46  Infernal Pre-Igniter  
  39  3:48  Hellion  
  39  3:53  Hellion  
  41  4:04  Hellion  
  41  4:07  SCV  
  41  4:09  Orbital Command  
  46  4:38  Hellion x2  
  46  4:39  Hellion  
  44  5:00  Hellion x3  
  46  5:12  Orbital Command  
  46  5:14  SCV  
  47  5:19  Starport  
  47  5:20  Armory  
  47  5:21  Hellion x2  
  51  5:29  SCV  
  51  5:32  Hellion  
  52  5:41  SCV  
  52  5:42  Hellion  
  37  6:45  Hellion x2  
  37  6:46  Hellion  
  41  6:47  Starport Tech Lab  
  41  6:52  Fusion Core  
  41  6:53  Starport  
  41  6:54  Starport  
Tags
 
Add a new tag
Caveats
  • Supply blocks, unpowered buildings, or Contaminate may cause inaccurate times.
  • Supply counts are checked every 10 seconds.